 Dungeon Crawl Stone Soup version 0.17.0-9-g801d43b (webtiles) character file.

114631 HungrySpirit the Shatterer (level 16, -4/183 HPs)
             Began as an Ogre Arcane Marksman on Nov 9, 2015.
             Was a Believer of Okawaru.
             Succumbed to a redback's poison
             ... on level 1 of the Spider Nest.
             The game lasted 01:04:40 (30081 turns).

HungrySpirit the Shatterer (Ogre Arcane Marksman)  Turns: 30081, Time: 01:04:40

Health: -4/183     AC: -1    Str: 32    XL:     16   Next: 66%
Magic:  0/17       EV: 12    Int: 15    God:    Okawaru [**....]
Gold:   1621       SH:  0    Dex: 12    Spells: 0 memorised, 17 levels left

rFire  . . .     SeeInvis +     V - +5 giant club of the Silent Majority {speed, rPois Int+3 Dex+3}
rCold  + . .     Clarity  .     j - +2 robe {rC+}
rNeg   . . .     SustAt   .     (shield currently unavailable)
rPois  +         Gourm    .     H - +1 hat {Spirit}
rElec  +         Spirit   +     f - +2 cloak {rPois}
rCorr  .         Warding  .     (gloves unavailable)
rMut   .         Stasis   .     (boots unavailable)
MR     +....                    w - amulet of guardian spirit
Stlth  ++........               q - ring "Ziutimips" {rElec Str+5 SInv}
                                n - +3 ring of slaying

@: lethally poisoned (-4 -> -86), heroism, corroded equipment, slowed, very
slow, somewhat resistant to hostile enchantments, unstealthy
A: unfitting armour, strong 1, tough skin 1
a: Heroism, Renounce Religion


You were on level 1 of the Spider Nest.
You worshipped Okawaru.
Okawaru was pleased with you.
You were full.

You visited 5 branches of the dungeon, and saw 29 of its levels.
You also visited: Trove, Bailey and Ice Cave.

You collected 2881 gold pieces.
You spent 1260 gold pieces at shops.

Inventory:

Hand Weapons
 l - a +2 giant spiked club
 x - the +6 morningstar "Beetlebane" {venom, Str+3 Dex+4}
   (You found it on level 1 of the Lair of Beasts)

   It poisons the flesh of those it strikes.
   It affects your strength (+3).
   It affects your dexterity (+4).
 Q - the +6 giant club of Equilibrium {freeze, -Tele Str+2 Int+5}
   (You found it in a treasure trove)

   It has been specially enchanted to freeze those struck by it, causing extra
   injury to most foes and up to half again as much damage against particularly
   susceptible opponents.
   It can also slow down cold-blooded creatures.
   It affects your strength (+2).
   It affects your intelligence (+5).
   It prevents most forms of teleportation.
 R - the +3 morningstar of the Chickpea {flame, Int-3 SInv Stlth+, unknown}
   (You found it in a treasure trove)

   It has been specially enchanted to burn those struck by it, causing extra
   injury to most foes and up to half again as much damage against particularly
   susceptible opponents.
   It affects your intelligence (-3).
   It lets you see invisible.
   It makes you more stealthy.
 U - the +8 dire flail of Forgiveness {crush, *Drain *Confuse rC+ Stlth+, unknown}
   (You found it in a treasure trove)

   It inflicts extra damage upon your enemies.
   It protects you from cold.
   It causes draining when unequipped.
   It may confuse you when you take damage.
   It makes you more stealthy.
 V - the +5 giant club of the Silent Majority (weapon) {speed, rPois Int+3 Dex+3}
   (Okawaru gifted it to you on level 5 of the Lair of Beasts)

   Attacks with this weapon are significantly faster.
   It affects your intelligence (+3).
   It affects your dexterity (+3).
   It protects you from poison.
Missiles
 v - 13 steel javelins
 z - 3 javelins of penetration
 D - 23 large rocks (quivered)
 K - 11 poisoned javelins
 L - 6 javelins
 T - 7 javelins of returning
Armour
 f - a +2 cloak of poison resistance (worn)
 j - a +2 robe of cold resistance (worn)
 B - a +1 robe of magic resistance
 H - a +1 hat of spirit shield (worn)
Jewellery
 n - a +3 ring of slaying (left hand)
 q - the ring "Ziutimips" (right hand) {rElec Str+5 SInv}
   (You bought it in a shop on level 9 of the Dungeon)

   [ring of strength]

   It affects your strength (+5).
   It insulates you from electricity.
   It lets you see invisible.
 u - a +3 ring of evasion
 w - an amulet of guardian spirit (around neck)
Wands
 A - a wand of cold (1)
 S - a wand of digging (13)
 X - a wand of draining (4)
Scrolls
 a - 5 scrolls of recharging
 b - 3 scrolls of enchant armour
 c - 2 scrolls of fear
 d - 5 scrolls of amnesia
 m - 10 scrolls of teleportation
 r - 11 scrolls of remove curse
 s - a scroll of holy word
 F - 4 scrolls of enchant weapon
 Z - a scroll of identify
Potions
 g - 5 potions of brilliance
 o - 14 potions of curing
 p - 4 potions of berserk rage
 t - 3 potions of cure mutation
 C - 2 potions of invisibility
 G - 8 potions of flight
 I - a potion of magic
 M - 3 potions of heal wounds
 N - 4 potions of might
 O - 3 potions of resistance
 P - a potion of mutation {unknown}
 W - 2 potions of haste
Comestibles
 e - 13 bread rations
 h - 10 slices of pizza
 i - 10 meat rations
 k - 2 beef jerkies
 E - 3 royal jellies
 J - 14 fruits


   Skills:
 + Level 17.1(22.1) Fighting
 * Level 24.1(27) Maces & Flails
 + Level 13.3(18.3) Throwing
 + Level 6.3(11.3) Armour
 - Level 1.7(6.7) Dodging
 - Level 1.2 Spellcasting
   Level 2.1 Hexes


You had 17 spell levels left.
You didn't know any spells.

Dungeon Overview and Level Annotations

Branches:
Dungeon (15/15)            Temple (1/1) D:6            Lair (8/8) D:10
 Shoals (0/4) Lair:4       Spider (1/4) Lair:5        Slime (0/6) Lair:6
    Orc (4/4) D:11            Elf (0/3) Orc:4        Vaults (0/5) D:14
 Depths (0/5) D:15

Altars:
Ashenzari
Cheibriados
Dithmenos
Elyvilon
Fedhas
Gozag
Kikubaaqudgha
Makhleb
Nemelex Xobeh
Okawaru
Qazlal
Sif Muna
Trog
Vehumet
Xom
Yredelemnul
Zin
The Shining One
Jiyva

Shops:
D:4 :*(   D:9 }[*   D:15 *   Orc:3 [   Orc:4 ([*=

Annotations:
D:9 1 runed door


Innate Abilities, Weirdness & Mutations

You are too large for most types of armour.
You have tough skin (AC +1).
Your muscles are strong. (Str +2)


Message History

The redback bites you!
* * * LOW HITPOINT WARNING * * *
The redback bites you!
* * * LOW HITPOINT WARNING * * *
You are more poisoned.
The redback poisons you! The spider bites you!
* * * LOW HITPOINT WARNING * * *
The spider barely misses you. The redback barely misses you.
The redback bites you!!
* * * LOW HITPOINT WARNING * * *
Read which item? (? for menu, Esc to quit)
Okay, then.
Drink which item? (? for menu, Esc to quit)
Okay, then.
Read which item? (? for menu, Esc to quit)
As you read the scroll of fear, it crumbles to dust.
You assume a fearsome visage.
The entropy weaver looks frightened!
The redback looks frightened! x3
The spider looks frightened!
You die...

#
######.......##...........^.
#.......................
^##..............########
..#####.^.........#
......##..........#
.......##...###.###
..............###
(.............#
.%.......s@..##
..#######ss...#
#.....)ps...# #........(###
##........(. .............
...!...........
..%...#........
##....#........


You could see an entropy weaver (fleeing), 3 redbacks and a spider (fleeing).

Vanquished Creatures
  A tengu reaver (D:14)
  A frost giant (IceCv)
  2 orc warlords (Orc:4)
  Louise (D:15)
  The ghost of truemonolith the Fighter, a journeyman HaBe of Trog (Lair:3)
  4 vault guards (D:14)
  Josephine (Spider:1)
  A yaktaur captain (D:15)
  Erolcha (Orc:2)
  5 hydras
  3 death yaks (Lair:8)
  3 catoblepae
  A deep troll shaman (Lair:8)
  A tengu warrior (D:14)
  An ogre mage (D:15)
  3 centaur warriors
  3 orc high priests (Orc:4)
  An unseen horror (D:13)
  A necromancer (D:12)
  11 hill giants
  A deep elf summoner (Orc:4)
  2 wolf spider zombies
  6 orc knights
  3 oklob plants (Lair:6)
  4 orc sorcerers (Orc:4)
  2 wolf spiders (Spider:1)
  A lindwurm (Lair:4)
  2 manticores
  A cyclops (D:12)
  A griffon (D:13)
  34 elephants
  7 ugly things
  An octopode (shapeshifter) (D:14)
  Maurice (D:9)
  5 black mambas
  An ice statue (IceCv)
  A gargoyle (D:15)
  12 spiny frogs
  A yaktaur (D:15)
  2 kobold demonologists
  4 demonic crawlers (Spider:1)
  13 komodo dragons
  5 two-headed ogres
  3 fire drakes
  2 trolls (D:14)
  An efreet (D:15)
  6 blink frogs
  21 polar bears
  A snapping turtle (Lair:4)
  A slime creature (D:14)
  2 tarantellas (Spider:1)
  A redback (Spider:1)
  2 water elementals (D:15)
  9 hippogriffs
  2 deep elf magi
  A trapdoor spider (D:12)
  2 shadows
  6 wraiths
  9 wyverns
  3 hungry ghosts
  65 yaks
  3 steam dragons
  2 deep elf fighters
  2 wargs
  6 basilisks
  26 wolves
  4 vampire mosquitoes (D:14)
  A soldier ant (D:13)
  9 porcupines
  15 water moccasins
  35 orc warriors
  8 spiders
  3 black bears
  16 ogres
  5 ice beasts
  6 sky beasts
  A necrophage (D:9)
  An eye of draining (D:15)
  16 centaurs
  19 crocodiles
  Blork the orc (D:6)
  22 giant frogs
  8 big kobolds
  4 scorpions
  9 killer bees
  A water moccasin skeleton (D:7)
  3 electric eels
  4 crimson imps
  2 giant frog zombies (D:9)
  A gnoll shaman (D:7)
  32 orc priests
  3 centaur zombies
  6 jellies
  A quasit (D:14)
  2 human zombies (D:9)
  9 iguanas
  3 centaur skeletons
  3 giant frog skeletons
  30 orc wizards
  6 hounds
  2 polar bear simulacra (D:12)
  Natasha (D:3)
  4 wolf simulacra (D:12)
  17 sheep
  A yak simulacrum (D:12)
  9 worker ants
  5 adders
  10 gnolls
  69 river rats
  3 shadow imps
  12 white imps (Orc:2)
  An ooze (D:4)
  3 adder skeletons
  4 worms
  A giant gecko (D:9)
  174 orcs
  4 giant cockroaches
  5 goblins
  6 hobgoblins
  12 jackals
  8 bats
  A giant cockroach zombie (D:7)
  6 giant newts
  A jackal skeleton (D:5)
  39 kobolds
  3 quokkas
  2 quokka skeletons
  7 rats
  4 river rat simulacra (D:12)
  4 fungi
  6 plants
1045 creatures vanquished.

Vanquished Creatures (others)
  A human (D:5)
  10 fungi
  A plant (Lair:7)
12 creatures vanquished.

Grand Total: 1057 creatures vanquished

Notes
Turn   | Place    | Note
--------------------------------------------------------------
     0 | D:1      | HungrySpirit the Ogre Arcane Marksman began the quest for the Orb.
     0 | D:1      | Reached XP level 1. HP: 19/19 MP: 2/2
   263 | D:1      | Reached XP level 2. HP: 25/28 MP: 3/3
   364 | D:1      | HP: 1/28 [kobold/dagger (3)]
   801 | D:1      | Reached skill level 1 in Maces & Flails
   801 | D:1      | Reached XP level 3. HP: 33/36 MP: 4/4
   851 | D:1      | Reached skill level 3 in Fighting
  1190 | D:2      | Found a shimmering altar of Xom.
  1276 | D:2      | Found a burning altar of Makhleb.
  1807 | D:3      | Reached XP level 4. HP: 17/48 MP: 5/5
  2480 | D:3      | Reached skill level 4 in Fighting
  2502 | D:3      | Reached XP level 5. HP: 40/54 MP: 4/6
  2724 | D:3      | Noticed Natasha
  2725 | D:3      | Killed Natasha
  2883 | D:4      | Found a radiant altar of Vehumet.
  2895 | D:4      | Found Xusomey's Book Shoppe.
  2896 | D:4      | Found Leckot's Assorted Antiques.
  2904 | D:4      | Bought a scroll labeled QERPHO FADDUWE for 23 gold pieces
  2904 | D:4      | Bought an encrusted bronze wand for 92 gold pieces
  2904 | D:4      | Bought a silvery potion for 20 gold pieces
  2904 | D:4      | Bought a viscous silvery potion for 20 gold pieces
  2904 | D:4      | Bought a black potion for 20 gold pieces
  2904 | D:4      | Noticed a sky beast
  3044 | D:4      | Found Riah's Antique Weapon Shoppe.
  3300 | D:4      | Reached skill level 5 in Maces & Flails
  3388 | D:4      | Killed a sky beast
  3388 | D:4      | Reached skill level 5 in Fighting
  3388 | D:4      | Reached XP level 6. HP: 47/66 MP: 4/7
  3449 | D:4      | Reached skill level 6 in Maces & Flails
  3617 | D:5      | Entered Level 5 of the Dungeon
  3798 | D:5      | Found a blossoming altar of Fedhas.
  3839 | D:5      | Found a radiant altar of Vehumet.
  3890 | D:5      | Reached skill level 7 in Maces & Flails
  3890 | D:5      | Reached XP level 7. HP: 72/72 MP: 8/8
  4307 | D:5      | Noticed a steam dragon
  4309 | D:5      | Noticed a steam dragon
  4312 | D:5      | Killed a steam dragon
  4312 | D:5      | Reached skill level 8 in Maces & Flails
  4318 | D:5      | Killed a steam dragon
  4318 | D:5      | Reached skill level 9 in Maces & Flails
  4497 | D:5      | Found an ancient bone altar of Kikubaaqudgha.
  4500 | D:5      | Noticed a human
  4501 | D:5      | Killed a human
  4598 | D:6      | Found a white marble altar of Elyvilon.
  4650 | D:6      | Noticed Blork the orc
  4653 | D:6      | Killed Blork the orc
  4653 | D:6      | Reached skill level 10 in Maces & Flails
  4653 | D:6      | Reached XP level 8. HP: 80/80 MP: 9/9
  5235 | D:6      | Found a staircase to the Ecumenical Temple.
  5241 | Temple   | Entered the Ecumenical Temple
  5286 | Temple   | Became a worshipper of Warmaster Okawaru
  5416 | D:6      | Reached skill level 11 in Maces & Flails
  5919 | D:6      | Reached skill level 12 in Maces & Flails
  6263 | D:6      | Reached * piety under Okawaru
  6621 | D:7      | Reached XP level 9. HP: 88/88 MP: 8/10
  6710 | D:7      | Found a basalt altar of Yredelemnul.
  6715 | D:7      | Reached skill level 13 in Maces & Flails
  6794 | D:7      | Found a flagged portal.
  6837 | Bailey   | Entered a bailey
  7342 | D:8      | Reached ** piety under Okawaru
  7358 | D:8      | Reached skill level 14 in Maces & Flails
  7496 | D:8      | Identified a scroll of acquirement
  7876 | D:8      | Reached XP level 10. HP: 81/102 MP: 9/11
  8058 | D:7      | Reached *** piety under Okawaru
  8308 | D:8      | Found a sparkling altar of Nemelex Xobeh.
  8424 | D:8      | Reached skill level 15 in Maces & Flails
  8504 | D:7      | Received a gift from Okawaru
  8504 | D:7      | Reached skill level 5 in Throwing
  8757 | D:8      | Noticed a hill giant
  8760 | D:8      | Killed a hill giant
  8760 | D:8      | Received a gift from Okawaru
  9089 | D:9      | Found Zenuin's Assorted Antiques.
  9097 | D:9      | Bought a coiled amber ring for 135 gold pieces
  9097 | D:9      | Bought a wooden wand for 108 gold pieces
  9097 | D:9      | Bought a metallic cyan potion for 24 gold pieces
  9097 | D:9      | Identified the ring "Ziutimips" {rElec Str+5 SInv} (You bought it in a shop on level 9 of the Dungeon)
  9142 | D:9      | Found Jioczops's Gadget Emporium.
  9234 | D:9      | Reached **** piety under Okawaru
  9414 | D:9      | Found Hyujeug's Antique Armour Shop.
  9653 | D:9      | Noticed Maurice
  9688 | D:9      | Killed Maurice
  9688 | D:9      | Reached skill level 16 in Maces & Flails
  9751 | D:9      | Found a runed door.
  9944 | D:10     | Entered Level 10 of the Dungeon
 10020 | D:10     | Reached XP level 11. HP: 98/115 MP: 10/12
 10355 | D:10     | Reached ***** piety under Okawaru
 10470 | D:10     | Found a staircase to the Lair.
 10510 | D:10     | Found a bloodstained altar of Trog.
 10932 | D:11     | Received a gift from Okawaru
 10960 | D:11     | Got an encrusted dagger {god gift}
 10976 | D:11     | Identified the +7 dagger of Income {vamp, rPois} (Okawaru gifted it to you on level 11 of the Dungeon)
 11082 | D:11     | Reached skill level 10 in Fighting
 11233 | D:11     | Noticed a hill giant
 11236 | D:11     | Killed a hill giant
 11236 | D:11     | Reached skill level 17 in Maces & Flails
 11731 | D:11     | Found a staircase to the Orcish Mines.
 11853 | Lair:1   | Entered Level 1 of the Lair of Beasts
 11869 | Lair:1   | Received a gift from Okawaru
 11889 | Lair:1   | Got a scorched morningstar
 11890 | Lair:1   | Identified the +6 morningstar "Beetlebane" {venom, Str+3 Dex+4} (You found it on level 1 of the Lair of Beasts)
 12033 | Lair:1   | Received a gift from Okawaru
 12470 | Lair:1   | Received a gift from Okawaru
 12534 | Lair:1   | Reached skill level 18 in Maces & Flails
 12534 | Lair:1   | Reached XP level 12. HP: 128/128 MP: 13/13
 12762 | Lair:1   | You fall through a shaft!
 13101 | Lair:2   | Noticed a five-headed hydra
 13108 | Lair:2   | Killed a five-headed hydra
 13896 | Lair:3   | Noticed truemonolith's ghost (journeyman HaBe)
 13902 | Lair:3   | Killed truemonolith's ghost
 13902 | Lair:3   | Received a gift from Okawaru
 13902 | Lair:3   | Reached skill level 19 in Maces & Flails
 14041 | Lair:3   | Noticed an eight-headed hydra
 14048 | Lair:3   | Killed an eight-headed hydra
 14576 | Lair:4   | Noticed a five-headed hydra
 14582 | Lair:4   | Killed a five-headed hydra
 14625 | Lair:4   | Reached XP level 13. HP: 141/141 MP: 11/14
 15031 | Lair:4   | You fall through a shaft!
 15184 | Lair:4   | Found a staircase to the Shoals.
 15366 | Lair:5   | Reached skill level 20 in Maces & Flails
 15369 | Lair:5   | Reached skill level 10 in Throwing
 15391 | Lair:5   | Reached ****** piety under Okawaru
 15422 | Lair:5   | Received a gift from Okawaru
 15435 | Lair:5   | Got a faintly glowing giant club {god gift}
 15570 | Lair:5   | Identified the +5 giant club of the Silent Majority {speed, rPois Int+3 Dex+3} (Okawaru gifted it to you on level 5 of the Lair of Beasts)
 16080 | Lair:5   | Received a gift from Okawaru
 16598 | Lair:5   | Found a hole to the Spider Nest.
 16800 | Lair:5   | Received a gift from Okawaru
 17452 | Lair:6   | Found a viscous altar of Jiyva.
 17452 | Lair:6   | Found a staircase to the Slime Pits.
 17701 | Lair:6   | Received a gift from Okawaru
 17864 | Lair:6   | Reached skill level 21 in Maces & Flails
 18173 | Lair:7   | Reached XP level 14. HP: 156/156 MP: 15/15
 18275 | Lair:7   | Received a gift from Okawaru
 18663 | Lair:7   | Received a gift from Okawaru
 18676 | Lair:7   | Got a distressingly furry hat {god gift}
 18687 | Lair:7   | Identified the +0 hat of Limitation {*Corrode Int+6 Dex+3} (Okawaru gifted it to you on level 7 of the Lair of Beasts)
 19022 | Lair:7   | Reached skill level 1 in Armour
 19572 | Lair:8   | Entered Level 8 of the Lair of Beasts
 20176 | Lair:8   | Reached skill level 15 in Fighting
 20191 | Lair:8   | Received a gift from Okawaru
 20209 | Lair:8   | Reached skill level 22 in Maces & Flails
 20221 | Lair:8   | Received a gift from Okawaru
 20503 | Lair:8   | Received a gift from Okawaru
 21228 | Orc:1    | Entered Level 1 of the Orcish Mines
 21542 | Orc:2    | Noticed Erolcha
 21547 | Orc:2    | Killed Erolcha
 21549 | Orc:2    | Found a frozen archway.
 21644 | IceCv    | Entered an ice cave
 21660 | IceCv    | Received a gift from Okawaru
 21660 | IceCv    | Reached XP level 15. HP: 145/167 MP: 16/16
 21990 | IceCv    | Gained mutation: Your muscles are strong. (Str +2) [potion of beneficial mutation]
 22403 | IceCv    | Received a gift from Okawaru
 22477 | IceCv    | Noticed a frost giant
 22492 | IceCv    | Killed a frost giant
 23625 | Orc:3    | Found Goceett's Armour Emporium.
 23950 | Orc:4    | Entered Level 4 of the Orcish Mines
 24125 | Orc:4    | Found a staircase to the Elven Halls.
 24499 | Orc:4    | Received a gift from Okawaru
 25028 | Orc:4    | Found Ceodoq's General Store.
 25035 | Orc:4    | Found Oralu's Jewellery Emporium.
 25044 | Orc:4    | Found Imour's Antique Armour Shoppe.
 25044 | Orc:4    | Found Daucra Nadghi's Antique Weapon Shoppe.
 25169 | Orc:4    | Bought a potion of heal wounds for 65 gold pieces
 25169 | Orc:4    | Bought a scroll of teleportation for 39 gold pieces
 25170 | Orc:4    | Bought a cursed amulet of inaccuracy for 26 gold pieces
 25170 | Orc:4    | Bought a cursed ring of loudness for 58 gold pieces
 25191 | Orc:4    | Bought a +3 ring of slaying for 585 gold pieces
 25191 | Orc:4    | Bought a scroll of fear for 45 gold pieces
 25690 | D:12     | Reached skill level 23 in Maces & Flails
 26326 | D:12     | Received a gift from Okawaru
 26557 | D:13     | Reached skill level 5 in Armour
 27029 | D:14     | Noticed a tengu reaver
 27034 | D:14     | Killed a tengu reaver
 27055 | D:14     | Reached XP level 16. HP: 167/180 MP: 17/17
 27199 | D:14     | Found a gate to the Vaults.
 27498 | D:14     | Received a gift from Okawaru
 27827 | D:14     | Found a portal to a secret trove of treasure.
 28031 | Trove    | Entered a treasure trove
 28039 | Trove    | Got a slimy giant club
 28040 | Trove    | Identified the +6 giant club of Equilibrium {freeze, -Tele Str+2 Int+5} (You found it in a treasure trove)
 28054 | Trove    | Got a smoking morningstar
 28057 | Trove    | Got a dazzling dire flail
 28148 | D:15     | Entered Level 15 of the Dungeon
 28430 | D:15     | Noticed Louise
 28440 | D:15     | Killed Louise
 28494 | D:15     | Found Wicwelat's Whimsical Warehouse.
 29383 | D:15     | Reached skill level 24 in Maces & Flails
 29420 | D:15     | Found a staircase to the Depths.
 29932 | Spider:1 | Entered Level 1 of the Spider Nest
 30044 | Spider:1 | Noticed Josephine
 30053 | Spider:1 | Killed Josephine
 30080 | Spider:1 | HP: 6/183 [redback (17)]
 30081 | Spider:1 | Succumbed to a redback's poison

Action                   |  1- 3 |  4- 6 |  7- 9 | 10-12 | 13-15 | 16-18 || total
-------------------------+-------+-------+-------+-------+-------+-------++-------
Melee: Unarmed           |    21 |       |       |       |       |       ||    21
       Short sword       |   103 |    33 |       |       |       |       ||   136
       Flail             |       |    71 |   193 |   293 |       |       ||   557
       Giant club        |       |       |       |   166 |  1092 |   227 ||  1485
Throw: Large rock        |    11 |    17 |    61 |   162 |   204 |    28 ||   483
       Throwing net      |     3 |     4 |     1 |       |       |       ||     8
       Javelin           |       |       |    46 |    71 |    35 |       ||   152
Invok: Heroism           |       |       |       |     4 |     5 |     1 ||    10
Evoke: Wand              |       |     2 |       |       |       |       ||     2
  Use: Scroll            |     1 |     7 |     7 |     8 |    11 |     4 ||    38
       Potion            |     1 |     8 |     2 |     1 |     1 |     2 ||    15
 Stab: Held in net/web   |     1 |       |       |       |       |       ||     1
       Sleeping          |       |       |       |       |     2 |       ||     2
  Eat: Fruit             |     3 |       |     4 |       |    28 |     8 ||    43
       Chunk             |       |     7 |    10 |    21 |    18 |     1 ||    57
       Bread ration      |       |       |       |       |       |     1 ||     1
